Map: Acropolis LE

Players

pHARM - Winner!

  • Race: Zerg Zerg
  • League: Platinum
  • Spawn Location: 11:00

Thugrant

  • Race: Protoss Protoss
  • League: Platinum
  • Spawn Location: 5:00

VOD

Have the link to the VOD?

Description

Time

  • Played on: Oct. 5, 2019, 10:21 p.m.
  • Length: 14:44
Show
View Real Time Build Order
Export as new Build Order

pHARM Zerg - Winner!

Build Orders: Hatch First, Brood Lord Corruptor 

Get SALT Encoding   

  12  0:01  Drone  
  13  0:13  Overlord  
  13  0:22  Drone  
  14  0:32  Drone x2  
  16  0:50  Hatchery  
  15  0:57  Drone x2  
  15  1:00  Drone  
  18  1:16  Spawning Pool  
  18  1:17  Drone  
  18  1:21  Drone  
  19  1:34  Drone  
  20  1:46  Drone  
  21  1:54  Drone  
  21  1:57  Hatchery  
  21  2:09  Queen x2  
  21  2:13  Overlord  
  25  2:20  Drone x2  
  25  2:22  Drone  
  28  2:34  Drone x2  
  30  2:39  Drone x2  
  32  2:45  Overlord x2  
  32  3:04  Drone x2  
  34  3:11  Drone x2  
  36  3:14  Queen  
  36  3:19  Drone x2  
  40  3:27  Overlord x2  
  40  3:28  Drone x4  
  44  3:35  Drone  
  44  3:37  Queen  
  44  3:40  Extractor  
  46  3:42  Extractor  
  46  3:45  Extractor  
  44  3:48  Drone  
  44  3:49  Drone x2  
  47  3:58  Drone  
  48  4:05  Roach Warren  
  47  4:30  Drone  
  48  4:35  Drone  
  49  4:38  Lair  
  49  4:46  Roach x8  
  65  4:56  Drone  
  65  4:58  Overlord x3  
  66  5:09  Overlord x3  
  66  5:16  Drone x10  
  76  5:46  Glial Reconstitution  
  76  5:52  Drone x4  
  76  5:53  Drone x8  
  76  5:54  Drone  
  76  5:56  Extractor  
  88  5:58  Extractor  
  87  6:04  Infestation Pit  
  87  6:05  Drone  
  87  6:06  Drone  
  88  6:35  Extractor  
  88  6:38  Roach Warren, Roach x5  
  88  6:39  Roach x9  
  114  6:43  Hive  
  114  6:58  Overlord  
  114  6:59  Overlord x8  
  114  7:00  Overlord  
  115  7:18  Hydralisk Den  
  102  7:33  Roach x10  
  102  7:34  Roach  
  102  7:46  Roach x5  
  102  7:48  Grooved Spines  
  108  8:00  Hydralisk x5  
  112  8:13  Hydralisk x4  
  118  8:22  Hydralisk  
  118  8:23  Hydralisk x4  
  128  8:31  Hydralisk  
  128  8:32  Hydralisk  
  118  8:38  Hydralisk x2  
  100  8:50  Hydralisk x5  
  106  9:00  Muscular Augments  
  106  9:25  Hatchery  
  105  9:36  Spire  
  104  9:43  Hydralisk  
  104  9:44  Hydralisk x11  
  128  10:09  Hatchery  
  127  10:32  Hydralisk x14  
  155  10:50  Greater Spire  
  117  11:15  Roach x10  
  117  11:16  Roach x2  
  137  11:26  Queen  
  131  11:35  Drone x4  
  135  12:10  Hatchery  
  135  12:13  Zerg Flyer Armor Level 1  
  135  12:15  Corruptor x13  
  134  12:16  Corruptor x2  
  164  12:52  Extractor  
  164  12:57  Extractor  
  162  13:08  Brood Lord x7  
  176  13:34  Brood Lord x3  
  182  14:15  Corruptor x9  
Show
View Real Time Build Order
Export as new Build Order

Thugrant Protoss 

Build Orders: Forge Fast Expand (FFE), Chargelot Immortal 

Get SALT Encoding   

  12  0:00  Probe (Chrono Boost)  
  13  0:10  Probe (Chrono Boost)  
  14  0:17  Pylon  
  14  0:21  Probe  
  15  0:35  Probe  
  15  0:38  Forge  
  16  0:48  Probe  
  17  1:11  Nexus  
  17  1:17  Pylon  
  17  1:27  Photon Cannon  
  17  1:40  Photon Cannon  
  17  1:54  Gateway  
  17  1:55  Assimilator  
  17  1:57  Assimilator  
  17  2:08  Probe  
  18  2:12  Pylon  
  18  2:20  Probe  
  19  2:24  Probe  
  20  2:32  Probe  
  20  2:35  Gateway  
  20  2:36  Probe  
  22  2:50  Cybernetics Core, Probe  
  23  2:54  Probe  
  24  3:02  Probe  
  25  3:06  Probe  
  26  3:14  Probe  
  26  3:15  Photon Cannon  
  27  3:20  Probe  
  28  3:29  Warp Gate  
  28  3:30  Robotics Facility  
  28  3:35  Stalker  
  28  3:41  Zealot, Protoss Ground Weapons Level 1 (Chrono Boost)  
  32  3:54  Robotics Facility  
  33  3:56  Probe x2 (Chrono Boost)  
  34  4:07  Assimilator  
  34  4:08  Probe (Chrono Boost)  
  36  4:11  Assimilator  
  36  4:12  Probe (Chrono Boost)  
  36  4:22  Immortal  
  40  4:42  Immortal  
  40  4:44  Probe x2  
  46  4:50  Pylon  
  46  4:56  Pylon, Probe x2  
  48  5:08  Probe  
  49  5:15  Photon Cannon  
  49  5:19  Immortal  
  53  5:23  Zealot  
  55  5:29  Stalker  
  57  5:39  Twilight Council  
  57  5:43  Pylon, Probe x2  
  57  5:47  Protoss Ground Armor Level 1  
  59  5:58  Gateway  
  59  6:05  Gateway  
  59  6:08  Gateway  
  59  6:13  Probe x2  
  59  6:15  Charge  
  61  6:23  Zealot  
  61  6:24  Stalker  
  65  6:37  Pylon  
  65  6:49  Forge  
  65  6:58  Immortal  
  65  6:59  Immortal  
  73  7:02  Stalker  
  73  7:05  Stalker  
  77  7:18  Stalker  
  77  7:19  Stalker  
  73  7:38  Observer  
  73  7:39  Stalker  
  73  7:40  Zealot, Stalker  
  73  7:42  Zealot  
  75  7:53  Immortal  
  75  7:57  Zealot  
  79  7:58  Protoss Ground Armor Level 2 (Chrono Boost)  
  79  7:59  Protoss Ground Weapons Level 2 (Chrono Boost)  
  77  8:14  Pylon  
  77  8:25  Stalker x2  
  77  8:26  Stalker x2  
  77  8:40  Pylon  
  63  8:52  Immortal  
  63  8:53  Immortal  
  63  8:55  Stalker x2  
  65  9:12  Nexus  
  65  9:20  Probe x2  
  67  9:31  Zealot  
  69  9:32  Probe  
  69  9:33  Zealot, Probe  
  69  9:34  Pylon  
  73  9:40  Zealot  
  73  9:43  Stalker  
  77  10:02  Immortal  
  81  10:12  Blink  
  79  10:19  Immortal  
  83  10:22  Protoss Shields Level 1 (Chrono Boost)  
  83  10:30  Templar Archives  
  83  10:34  Probe x3  
  86  10:38  Zealot  
  86  10:40  Zealot  
  84  10:57  Immortal, Stalker  
  84  11:02  Zealot  
  84  11:03  Zealot  
  80  11:09  Zealot x2  
  59  11:21  Zealot  
  47  11:29  Zealot  
  47  11:30  Zealot x2  
  47  11:31  Zealot  
  49  11:40  Immortal  
  49  11:41  Zealot  
  49  11:46  Immortal  
  59  12:07  Zealot  
  61  12:08  Zealot  
  61  12:10  Zealot  
  65  12:19  Psionic Storm  
  65  12:24  High Templar  
  65  12:26  High Templar  
  68  12:50  Probe x2  
  70  12:52  Nexus  
  70  13:02  Pylon  
  70  13:04  Probe  
  70  13:05  Probe  
  72  13:06  Pylon  
  72  13:09  Zealot  
  74  13:14  Zealot  
  74  13:19  Stalker  
  78  13:26  Stalker  
  80  13:49  Zealot  
  80  13:55  Zealot  
  84  13:58  Probe  
  84  13:59  Probe  
  86  14:04  Probe  
  87  14:10  Probe  
  87  14:11  Probe  
  87  14:14  Stalker  
  87  14:16  Probe  
Tags
 
Add a new tag
Caveats
  • Supply blocks, unpowered buildings, or Contaminate may cause inaccurate times.
  • Supply counts are checked every 10 seconds.